3A
MANCELONA TORCH @ MT. VERNON BULLS
09/02/2031
 
TOP OF THE 1ST
Mancelona Torch batting - Pitching for Mt. Vernon Bulls : LHP Ken Borrego
Pitching: LHP Ken Borrego
Batting: RHB José Reyes 0-0: Ball
1-0: Ball
2-0: Called Strike
2-1: Ball
3-1: Fly out, F8 (Flyball, 8RD)
Batting: RHB Raúl Cicerón 0-0: Swinging Strike
0-1: Ground out 4-3 (Groundball, 4)
Batting: RHB Emílio Agramónte 0-0: Swinging Strike
0-1: Swinging Strike
0-2: Strikes out looking
Top of the 1st over - 0 runs, 0 hits, 0 errors, 0 left on base; Mancelona 0 - Mt. Vernon 0
BOTTOM OF THE 1ST
Mt. Vernon Bulls batting - Pitching for Mancelona Torch : RHP Huibrecht Bik
Pitching: RHP Huibrecht Bik
Batting: SHB Tom Chagolla 0-0: Ball
1-0: Called Strike
1-1: Called Strike
1-2: Foul Ball, location: 2F
1-2: Foul Ball, location: 2F
1-2: Strikes out swinging
Batting: RHB Ramón Robles 0-0: SINGLE (Line Drive, 9S)
Batting: LHB Rich Watkins 0-0: Fly out, F8 (Flyball, 8RM)
Batting: RHB Jesse Francis 0-0: Swinging Strike
0-1: Ball
1-1: Ball
2-1: Swinging Strike
2-2: Ground out 5-3 (Groundball, 5L)
Bottom of the 1st over - 0 runs, 1 hit, 0 errors, 1 left on base; Mancelona 0 - Mt. Vernon 0
TOP OF THE 2ND
Mancelona Torch batting - Pitching for Mt. Vernon Bulls : LHP Ken Borrego
Batting: RHB Jeff Mouton 0-0: Called Strike
0-1: Foul Ball, location: 2F
0-2: Ball
1-2: Foul Ball, location: 2F
1-2: Strikes out looking
Batting: LHB Xuan-ling Chen 0-0: Ball
1-0: Ball
2-0: Foul Ball, location: 2F
2-1: Called Strike
2-2: Ball
3-2: Foul Ball, location: 2F
3-2: SINGLE (Groundball, 34D)
Batting: RHB José Santos 0-0: Fly out, F6 (Popup, 6)
Batting: LHB Badry Maksimenov 0-0: Ball
1-0: Ground out 4-3 (Groundball, 4)
Top of the 2nd over - 0 runs, 1 hit, 0 errors, 1 left on base; Mancelona 0 - Mt. Vernon 0
BOTTOM OF THE 2ND
Mt. Vernon Bulls batting - Pitching for Mancelona Torch : RHP Huibrecht Bik
Batting: LHB Iván Soto 0-0: Ball
1-0: SINGLE (Line Drive, 4MD)
Batting: RHB Bailey Gribbins 0-0: Fly out, F7 (Flyball, 7LD)
Batting: RHB Tong-sik Im 0-0: Ball
1-0: Foul Ball, location: 2F
1-1: Ball
2-1: Ball
3-1: Fly out, F9 (Flyball, 9LS)
Batting: RHB Bob Smelcer 0-0: Ball
1-0: Foul Ball, location: 2F
1-1: Ball
2-1: Ball
3-1: Fly out, F7 (Flyball, 78S)
Bottom of the 2nd over - 0 runs, 1 hit, 0 errors, 1 left on base; Mancelona 0 - Mt. Vernon 0
TOP OF THE 3RD
Mancelona Torch batting - Pitching for Mt. Vernon Bulls : LHP Ken Borrego
Batting: RHB Dave Norton 0-0: Foul Ball, location: 2F
0-1: Ground out 6-3 (Groundball, 6)
Batting: RHB Jur Prokop 0-0: Called Strike
0-1: Swinging Strike
0-2: Strikes out swinging
Batting: RHB José Reyes 0-0: Ball
1-0: Ball
2-0: Called Strike
2-1: Foul Ball, location: 2F
2-2: SINGLE (Flyball, 8LS)
Batting: RHB Raúl Cicerón 0-0: Called Strike
0-1: Fly out, F7 (Flyball, 78XD)
Top of the 3rd over - 0 runs, 1 hit, 0 errors, 1 left on base; Mancelona 0 - Mt. Vernon 0
BOTTOM OF THE 3RD
Mt. Vernon Bulls batting - Pitching for Mancelona Torch : RHP Huibrecht Bik
Batting: RHB Hsin-ping Teoh 0-0: Foul Ball, location: 2F
0-1: Ball
1-1: Ground out 5-3 (Groundball, 56S)
Batting: SHB Tom Chagolla 0-0: Ground out 5-3 (Groundball, 5)
Batting: RHB Ramón Robles 0-0: Called Strike
0-1: Ground out 6-3 (Groundball, 6M)
Bottom of the 3rd over - 0 runs, 0 hits, 0 errors, 0 left on base; Mancelona 0 - Mt. Vernon 0
TOP OF THE 4TH
Mancelona Torch batting - Pitching for Mt. Vernon Bulls : LHP Ken Borrego
Batting: RHB Emílio Agramónte 0-0: Called Strike
0-1: Called Strike
0-2: Ground out 5-3 (Groundball, 56)
Batting: RHB Jeff Mouton 0-0: Ball
1-0: Ball
2-0: Foul Ball, location: 2F
2-1: Ball
3-1: Swinging Strike
3-2: Fly out, F8 (Flyball, 8LD)
Batting: LHB Xuan-ling Chen 0-0: Foul Ball, location: 2F
0-1: Called Strike
0-2: Ball
1-2: Foul Ball, location: 2F
1-2: Foul Ball, location: 2F
1-2: Strikes out swinging
Top of the 4th over - 0 runs, 0 hits, 0 errors, 0 left on base; Mancelona 0 - Mt. Vernon 0
BOTTOM OF THE 4TH
Mt. Vernon Bulls batting - Pitching for Mancelona Torch : RHP Huibrecht Bik
Batting: LHB Rich Watkins 0-0: Foul Ball, location: 2F
0-1: Ball
1-1: Ball
2-1: Called Strike
2-2: SINGLE (Groundball, 34S) (infield hit)
Batting: RHB Jesse Francis 0-0: Fly out, F4 (Popup, 34D)
Batting: LHB Iván Soto 0-0: Called Strike
0-1: Called Strike
0-2: Ball
1-2: Ball
2-2: Fielders Choice at 2nd, 1-6 (Groundball, 13S)
Batting: RHB Bailey Gribbins 0-0: Ball
1-0: Foul Ball, location: 2F
1-1: Swinging Strike
1-2: Ball
2-2: Ball
3-2: Foul Ball, location: 2F
3-2: Strikes out swinging
Bottom of the 4th over - 0 runs, 1 hit, 0 errors, 1 left on base; Mancelona 0 - Mt. Vernon 0
TOP OF THE 5TH
Mancelona Torch batting - Pitching for Mt. Vernon Bulls : LHP Ken Borrego
Batting: RHB José Santos 0-0: Called Strike
0-1: Ball
1-1: SINGLE (Groundball, 3S) (infield hit)
Batting: LHB Badry Maksimenov 0-0: Ball
1-0: Sac Bunt - play at first, batter safe!
José Santos to second
Batting: RHB Dave Norton 0-0: Ball
1-0: Called Strike
1-1: Ball
2-1: Bunted foul
2-2: Strikes out swinging
Batting: RHB Jur Prokop 0-0: Ball
1-0: Ground out U3 (Groundball, 34S)
José Santos to third
Badry Maksimenov to second
Batting: RHB José Reyes 0-0: Ball
1-0: Foul Ball, location: 2F
1-1: Called Strike
1-2: Strikes out swinging
Top of the 5th over - 0 runs, 2 hits, 0 errors, 2 left on base; Mancelona 0 - Mt. Vernon 0
BOTTOM OF THE 5TH
Mt. Vernon Bulls batting - Pitching for Mancelona Torch : RHP Huibrecht Bik
Batting: RHB Tong-sik Im 0-0: Foul Ball, location: 2F
0-1: Ball
1-1: Ball
2-1: Ball
3-1: Base on Balls
Batting: RHB Bob Smelcer 0-0: Bunted foul
0-1: Ball
1-1: Bunted foul
1-2: Foul Ball, location: 2F
1-2: Foul Ball, location: 2F
1-2: Fly out, F8 (Flyball, 8RD)
Batting: RHB Hsin-ping Teoh 0-0: Ball
Throwing error on steal attempt, E2
Tong-sik Im to third
1-0: Swinging Strike
1-1: Swinging Strike
1-2: Foul Ball, location: 2F
1-2: Strikes out looking
Batting: SHB Tom Chagolla 0-0: Ball
1-0: Called Strike
1-1: Foul Ball, location: 2F
1-2: Ball
2-2: Foul Ball, location: 2F
2-2: SINGLE (Line Drive, 4D)
Tong-sik Im scores
Batting: RHB Ramón Robles 0-0: Foul Ball, location: 2F
0-1: Called Strike
0-2: Ball
1-2: Fielders Choice at 2nd, 6-4 (Groundball, 6)
Bottom of the 5th over - 1 run, 1 hit, 1 error, 1 left on base; Mancelona 0 - Mt. Vernon 1
TOP OF THE 6TH
Mancelona Torch batting - Pitching for Mt. Vernon Bulls : LHP Ken Borrego
Batting: RHB Raúl Cicerón 0-0: Foul Ball, location: 2F
0-1: Called Strike
0-2: Ball
1-2: Strikes out swinging
Batting: RHB Emílio Agramónte 0-0: Called Strike
0-1: Fly out, F8 (Flyball, 8LM)
Batting: RHB Jeff Mouton 0-0: Ball
1-0: Called Strike
1-1: Ball
2-1: Foul Ball, location: 2F
2-2: Foul Ball, location: 2F
2-2: SINGLE (Groundball, 6MD)
Batting: LHB Xuan-ling Chen 0-0: Called Strike
0-1: Ball
1-1: Ball
2-1: Ball
3-1: Called Strike
3-2: Foul Ball, location: 2F
3-2: Foul Ball, location: 2F
3-2: SINGLE (Line Drive, 4MD)
Jeff Mouton to second
Jeff Mouton to third
Batting: RHB José Santos 0-0: Ball
1-0: Fly out, F8 (Flyball, 8RD)
Top of the 6th over - 0 runs, 2 hits, 0 errors, 2 left on base; Mancelona 0 - Mt. Vernon 1
BOTTOM OF THE 6TH
Mt. Vernon Bulls batting - Pitching for Mancelona Torch : RHP Huibrecht Bik
Batting: LHB Rich Watkins 0-0: Foul Ball, location: 2F
0-1: Foul Ball, location: 2F
0-2: Ball
1-2: Foul Ball, location: 2F
1-2: SINGLE (Line Drive, 4D)
Pitching: RHP Enrique Cruz
Batting: RHB Jesse Francis 0-0: Ball
1-0: Foul Ball, location: 2F
1-1: Called Strike
1-2: Ball
2-2: Ball
3-2: DOUBLE (Line Drive, 89D)
Rich Watkins to third
Runner from 3rd tries for Home, SAFE, throw made at trailing runner, OUT at third!
Batting: LHB Iván Soto 0-0: SINGLE (Groundball, 6D)
Batting: RHB Bailey Gribbins 0-0: Foul Ball, location: 2F
0-1: Foul Ball, location: 2F
0-2: Ball
1-2: Foul Ball, location: 2F
1-2: Ball
2-2: DOUBLE (Flyball, 8LXD)
Iván Soto to third
Batting: RHB Tong-sik Im 0-0: Intentional Walk
Batting: RHB Bob Smelcer 0-0: Called Strike
0-1: Ball
1-1: Ball
2-1: Swinging Strike
2-2: DOUBLE (Flyball, 9D)
Iván Soto scores
Bailey Gribbins scores
Tong-sik Im to third
Pinch Runner at 2nd Modesto González:
Batting: RHB Hsin-ping Teoh 0-0: Called Strike
0-1: Foul Ball, location: 2F
0-2: Ball
1-2: Fly out, F8 (Flyball, 8LM)
Runner from 3rd tags up, SCORES, throw made
Batting: SHB Tom Chagolla 0-0: Called Strike
0-1: Ground out 6-3 (Groundball, 6)
Bottom of the 6th over - 4 runs, 5 hits, 0 errors, 1 left on base; Mancelona 0 - Mt. Vernon 5
TOP OF THE 7TH
Mancelona Torch batting - Pitching for Mt. Vernon Bulls : LHP Ken Borrego
Now in LF: Modesto González
Batting: LHB Badry Maksimenov 0-0: Foul Ball, location: 2F
0-1: Ball
1-1: Foul Ball, location: 2F
1-2: Foul Ball, location: 2F
1-2: DOUBLE (Line Drive, 78XD)
Batting: RHB Dave Norton 0-0: Ball
1-0: Ball
2-0: Called Strike
2-1: Foul Ball, location: 2F
2-2: Foul Ball, location: 2F
2-2: DOUBLE (Line Drive, 89D)
Badry Maksimenov scores
Batting: RHB Jur Prokop 0-0: Swinging Strike
0-1: SINGLE (Line Drive, 7S)
Dave Norton to third
Batting: RHB José Reyes 0-0: Ball
1-0: Foul Ball, location: 2F
1-1: Ball
2-1: Ball
3-1: Called Strike
3-2: Foul Ball, location: 2F
3-2: Base on Balls
Jur Prokop to second
Pitching: LHP Ramón Negrón
Batting: RHB Raúl Cicerón 0-0: Ball
1-0: Foul Ball, location: 2F
1-1: Foul Ball, location: 2F
1-2: Foul Ball, location: 2F
1-2: Ball
2-2: DOUBLE (Flyball, 8RD)
Dave Norton scores
Jur Prokop scores
José Reyes to third
Runner from 3rd tries for Home, SAFE, no throw
Batting: RHB Emílio Agramónte 0-0: Called Strike
0-1: Foul Ball, location: 2F
0-2: Strikes out looking
Batting: RHB Jeff Mouton 0-0: Called Strike
Raúl Cicerón steals 3rd base
0-1: Foul Ball, location: 2F
0-2: Strikes out swinging
Batting: LHB Xuan-ling Chen 0-0: Foul Ball, location: 2F
0-1: Foul Ball, location: 2F
0-2: Foul Ball, location: 2F
0-2: Ball
1-2: Ball
2-2: Strikes out looking
Top of the 7th over - 4 runs, 4 hits, 0 errors, 1 left on base; Mancelona 4 - Mt. Vernon 5
BOTTOM OF THE 7TH
Mt. Vernon Bulls batting - Pitching for Mancelona Torch : RHP Enrique Cruz
Batting: RHB Ramón Robles 0-0: Called Strike
0-1: Swinging Strike
0-2: Fly out, F1 (Line Drive, 13)
Batting: LHB Rich Watkins 0-0: SINGLE (Line Drive, 9S)
Batting: RHB Jesse Francis 0-0: Called Strike
0-1: Ball
1-1: Foul Ball, location: 2F
1-2: Ball
2-2: Ball
3-2: Fly out, F8 (Flyball, 8RXD)
Batting: LHB Iván Soto 0-0: Ball
1-0: Called Strike
1-1: Foul Ball, location: 2F
1-2: SINGLE (Groundball, 34D)
Rich Watkins to second
Rich Watkins to third
Batting: RHB Bailey Gribbins 0-0: Ball
1-0: Fielders Choice at 2nd, 6-4 (Groundball, 6)
Bottom of the 7th over - 0 runs, 2 hits, 0 errors, 2 left on base; Mancelona 4 - Mt. Vernon 5
TOP OF THE 8TH
Mancelona Torch batting - Pitching for Mt. Vernon Bulls : LHP Ramón Negrón
Batting: RHB José Santos 0-0: Called Strike
0-1: Foul Ball, location: 2F
0-2: Strikes out looking
Batting: LHB Badry Maksimenov 0-0: Ball
1-0: Foul Ball, location: 2F
1-1: Fly out, F7 (Flyball, 7D)
Batting: RHB Dave Norton 0-0: Called Strike
0-1: Ball
1-1: Called Strike
1-2: SINGLE (Popup, 6MD)
Pitching: RHP Shadi Zafar
Batting: RHB Jur Prokop 0-0: Ball
1-0: Foul Ball, location: 2F
1-1: Fielders Choice at 2nd, 5-4 (Groundball, 5)
Top of the 8th over - 0 runs, 1 hit, 0 errors, 1 left on base; Mancelona 4 - Mt. Vernon 5
BOTTOM OF THE 8TH
Mt. Vernon Bulls batting - Pitching for Mancelona Torch : RHP Enrique Cruz
Pitching: RHP George Kane
Batting: RHB Tong-sik Im 0-0: Ball
1-0: SINGLE (Flyball, 7S)
Batting: RHB Modesto González 0-0: Ball
1-0: SINGLE (Groundball, 56D)
Tong-sik Im to second
Batting: RHB Hsin-ping Teoh 0-0: Ball
1-0: Sac Bunt - play at first, batter OUT! 1-4
Tong-sik Im to third
Modesto González to second
Batting: SHB Tom Chagolla 0-0: Intentional Walk
Batting: RHB Ramón Robles 0-0: Swinging Strike
0-1: Ball
1-1: Ball
2-1: Foul Ball, location: 2F
2-2: Strikes out swinging
Batting: LHB Rich Watkins 0-0: Ball
1-0: Foul Ball, location: 2F
1-1: DOUBLE (Flyball, 89D)
Tong-sik Im scores
Modesto González scores
Tom Chagolla to third
Runner from 3rd tries for Home, SAFE, no throw
Pitching: LHP Geoffroy Cadaloba
Batting: RHB Jesse Francis 0-0: Ball
1-0: Foul Ball, location: 2F
1-1: Ground out 4-3 (Groundball, 34)
Bottom of the 8th over - 3 runs, 3 hits, 0 errors, 1 left on base; Mancelona 4 - Mt. Vernon 8
TOP OF THE 9TH
Mancelona Torch batting - Pitching for Mt. Vernon Bulls : RHP Shadi Zafar
Batting: RHB José Reyes 0-0: Ball
1-0: Called Strike
1-1: Swinging Strike
1-2: Strikes out swinging
Batting: RHB Raúl Cicerón 0-0: Ball
1-0: Called Strike
1-1: Fly out, F7 (Flyball, 7S)
Batting: RHB Emílio Agramónte 0-0: Ball
1-0: Foul Ball, location: 2F
1-1: Foul Ball, location: 2F
1-2: Strikes out swinging
Top of the 9th over - 0 runs, 0 hits, 0 errors, 0 left on base; Mancelona 4 - Mt. Vernon 8
Tuesday, June 12th, 2018 - OOTP Baseball 18.8 Build 76